Map: Ulrena

Players

Frozzen - Winner!

  • Race: Zerg Zerg

A.I. 1 (Hard)

  • Race: Protoss Protoss

VOD

Have the link to the VOD?

Description

Time

  • Played on: Nov. 13, 2015, 11:12 a.m.
  • Length: 8:51
Show
View Real Time Build Order
Export as new Build Order

Frozzen Zerg - Winner!

Build Orders: Hatch First 

Get SALT Encoding   

  12  0:00  Drone  
  13  0:14  Overlord  
  13  0:18  Drone  
  14  0:33  Drone x2  
  16  0:50  Hatchery  
  16  0:53  Drone  
  16  0:56  Drone  
  17  1:01  Drone  
  18  1:16  Spawning Pool  
  17  1:18  Drone  
  17  1:21  Drone  
  19  1:30  Drone  
  20  1:33  Extractor  
  19  1:41  Overlord  
  19  1:52  Drone  
  20  2:03  Queen x2  
  20  2:04  Zergling x4  
  26  2:13  Drone x2  
  28  2:26  Drone  
  28  2:29  Drone  
  30  2:34  Metabolic Boost, Drone  
  30  2:35  Drone  
  32  2:44  Overlord  
  32  2:49  Drone  
  32  2:56  Drone  
  33  2:59  Extractor  
  33  3:00  Drone  
  33  3:02  Roach Warren  
  32  3:07  Drone x2  
  32  3:10  Overlord  
  32  3:12  Drone  
  35  3:13  Drone x2  
  35  3:16  Drone x2  
  39  3:20  Zergling x4  
  41  3:29  Overlord  
  41  3:32  Lair  
  41  3:35  Zergling x2  
  42  3:45  Roach  
  42  3:46  Roach x3  
  42  3:48  Roach  
  52  4:00  Roach  
  52  4:01  Roach x2  
  58  4:06  Drone  
  58  4:07  Drone  
  60  4:14  Hatchery  
  60  4:16  Drone  
  60  4:20  Overlord x2  
  60  4:30  Overlord  
  60  4:31  Overlord  
  60  4:35  Overseer  
  55  4:49  Roach  
  55  4:50  Roach x3  
  61  4:56  Glial Reconstitution  
  61  5:01  Evolution Chamber  
  61  5:02  Drone x6, Extractor  
  61  5:03  Evolution Chamber  
  64  5:09  Queen  
  64  5:11  Drone  
  64  5:12  Drone  
  68  5:15  Ravager x2  
  70  5:22  Drone x2  
  70  5:24  Extractor  
  71  5:30  Drone, Queen  
  71  5:32  Drone x4  
  78  5:42  Zerg Ground Armor Level 1  
  78  5:44  Drone  
  78  5:49  Drone  
  81  5:50  Drone  
  81  6:00  Hydralisk Den  
  80  6:06  Drone x2  
  80  6:09  Drone x4  
  87  6:11  Drone x4  
  87  6:12  Drone x2, Extractor  
  87  6:13  Extractor  
  88  6:30  Hydralisk  
  88  6:31  Hydralisk x4  
  97  6:33  Overlord x3  
  97  6:44  Overlord x2  
  97  6:51  Overlord x3  
  97  6:52  Hydralisk x4  
  105  6:56  Muscular Augments  
  105  7:09  Drone x3  
  105  7:10  Drone x4  
  112  7:19  Hydralisk x4  
  116  7:30  Hydralisk x3  
  116  7:36  Roach x5  
  126  7:39  Ravager  
  125  7:48  Roach x4  
  125  7:49  Roach  
  125  7:50  Overseer  
  135  7:54  Drone  
  132  8:00  Infestation Pit  
  132  8:01  Hydralisk  
  132  8:05  Roach x2  
  133  8:06  Zergling x4  
  133  8:07  Zergling x4  
  137  8:19  Ravager  
  138  8:20  Ravager  
Show
View Real Time Build Order
Export as new Build Order

A.I. 1 (Hard) Protoss 

Build Orders:  

Get SALT Encoding   

  12  0:01  Probe (Chrono Boost)  
  13  0:11  Probe (Chrono Boost)  
  14  0:20  Pylon  
  14  0:22  Probe (Chrono Boost)  
  15  0:38  Probe (Chrono Boost)  
  16  0:46  Assimilator  
  16  0:49  Probe (Chrono Boost)  
  17  0:50  Gateway  
  17  0:59  Probe (Chrono Boost)  
  17  1:01  Pylon  
  18  1:10  Probe (Chrono Boost)  
  19  1:21  Probe (Chrono Boost)  
  20  1:35  Zealot  
  22  1:41  Cybernetics Core  
  22  1:43  Gateway  
  22  1:46  Assimilator  
  22  2:01  Pylon  
  22  2:13  Warp Gate  
  22  2:15  Adept  
  24  2:29  Zealot  
  26  2:40  Adept  
  26  2:42  Pylon  
  28  2:55  Adept  
  30  3:06  Adept  
  32  3:20  Stalker, Pylon  
  35  3:27  Probe (Chrono Boost)  
  35  3:32  Stalker  
  37  3:39  Probe (Chrono Boost)  
  38  3:46  Forge  
  38  3:49  Adept  
  38  3:51  Probe (Chrono Boost)  
  41  4:01  Adept  
  44  4:03  Probe (Chrono Boost)  
  44  4:14  Probe (Chrono Boost)  
  45  4:24  Stalker  
  47  4:25  Probe (Chrono Boost)  
  48  4:44  Zealot  
  46  4:57  Zealot  
  48  5:58  Protoss Ground Weapons Level 1  
  48  6:03  Stalker  
  50  6:05  Gateway  
  50  6:07  Pylon  
  50  6:09  Photon Cannon  
  50  6:12  Stalker  
  50  6:13  Nexus, Robotics Facility  
  50  6:16  Stargate  
  48  6:18  Photon Cannon  
  48  6:25  Stalker  
  37  6:35  Zealot  
  39  6:46  Stalker  
  41  6:56  Stalker  
  43  7:04  Twilight Council  
  43  7:05  Stalker  
  45  7:14  Stalker  
  47  7:22  Observer  
  48  7:24  Stalker  
  48  7:29  Probe (Chrono Boost)  
  46  7:31  Probe (Chrono Boost)  
  46  7:33  Sentry  
  38  7:41  Probe (Chrono Boost)  
  38  7:42  Adept, Observer  
  34  7:46  Stalker  
  29  8:12  Stalker  
  34  8:15  Zealot  
  26  8:32  Stalker  
Tags
 
Matchup
PvZ
Replay Pack
21-11-15
Add a new tag
Caveats
  • Supply blocks, unpowered buildings, or Contaminate may cause inaccurate times.
  • Supply counts are checked every 10 seconds.